 Dungeon Sprint DCSS version 0.30-a0-989-g0d87f670db (webtiles) character file.

Game seed: 7218233270626659560

380 holysushi the Geomancer (level 6, 27/36 HPs)
             Began as an Octopode Earth Elementalist on Apr 3, 2023.
             Was an Initiate of Ru.
             Quit the game in the Dungeon (Sprint V: "Ziggurat Sprint").
             The game lasted 00:03:27 (1465 turns).

holysushi the Geomancer (OpEE)                      Turns: 1465, Time: 00:03:27

Health: 27/36      AC:  1    Str: 20    XL:     6   Next: 75%
Magic:  12/12      EV: 14    Int: 29    God:    Ru [......]
Gold:   0          SH:  0    Dex: 26    Spells: 9/13 levels left

rFire   . . .      SeeInvis +    A - +27 heavy crossbow "Sniper" {heavy, Acc+∞ SInv}
rCold   . . .      Faith    .    (shield currently unavailable)
rNeg    . . .      Spirit   .    (helmet restricted)
rPois   .          Reflect  .    I - amulet of the Air {Inacc Air Fly rElec RMsl}
rElec   +          Rampage  .    q - +6 ring of dexterity
rCorr   .          NoTele   +    p - ring of flight
Will    .....                    r - +6 ring of dexterity
Stlth   ++                       s - +6 ring of intelligence
HPRegen 0.26/turn                t - +6 ring of intelligence
MPRegen 0.13/turn                u - +6 ring of strength
                                 v - +6 ring of strength
                                 (no ring)

@: confused, flying, repel missiles
A: almost no armour, amphibious, 8 rings, camouflage 1, gelatinous body 1,
(nimble swimmer 1), tentacles
a: Renounce Religion


You were in the Dungeon.
You worshipped Ru.
Ru was noncommittal.
You visited 1 branch

Inventory:

Hand Weapons
 y - the +6 Majin-Bo {spellvamp, MP+6 Int+6}
   (You found it in the Dungeon)

   Int:       It affects your intelligence (+6).
   MP:        It affects your magic capacity (+6).
 A - the +27 heavy crossbow "Sniper" (weapon) {heavy, Acc+∞ SInv}
   (You found it in the Dungeon)

   Acc+∞: It never misses its target.
   SInv:      It lets you see invisible.
 F - the +16 obsidian axe {drain, demonic, Mesm Drain Fly SInv}
   (You found it in the Dungeon)

   Mesm:      Its wielder is mesmerised by any visible foes, and it cannot be
   unequipped while any foes are visible.
   SInv:      It lets you see invisible.
   Fly:       It grants you flight.
   Drain:     It drains your maximum health when unequipped.
 G - the +11 Singing Sword {sonic wave}
   (You found it in the Dungeon)
 H - the +8 lance "Wyrmbane" {slay drac, rPois rF+ rC+ AC+3}
   (You found it in the Dungeon)

   AC:        It affects your AC (+3).
   rF:        It protects you from fire.
   rC:        It protects you from cold.
   rPois:     It protects you from poison.
Armour
 z - the +18 shield of the Gong {Loud rN+ Will+ rCorr EV-5}
   (You found it in the Dungeon)

   Loud:      It is deafeningly noisy when blocking attacks.
   EV:        It affects your evasion (-5).
   rN:        It protects you from negative energy.
   rCorr:     It protects you from acid and corrosion.
   Will:      It increases your willpower.
 B - a +3 buckler
 C - a +3 kite shield
 D - a +3 tower shield
 E - an orb of mayhem
Jewellery
 p - a ring of flight (right tentacle)
 q - a +6 ring of dexterity (left tentacle)
 r - a +6 ring of dexterity (on tentacle)
 s - a +6 ring of intelligence (on tentacle)
 t - a +6 ring of intelligence (on tentacle)
 u - a +6 ring of strength (on tentacle)
 v - a +6 ring of strength (on tentacle)
 I - the amulet of the Air (around mantle) {Inacc Air Fly rElec RMsl}
   (You found it in the Dungeon)

   [amulet of nothing]

   Inacc:     It reduces the accuracy of your attacks and spells.
   Air:       It enhances your air magic.
   rElec:     It insulates you from electricity.
   Fly:       It grants you flight.
   RMsl:      It protects you from missiles.
Wands
 w - a wand of mindburst (7)
 x - a wand of light (7)
Scrolls
 f - 4 scrolls of blinking
 l - 4 scrolls of amnesia
 m - 7 scrolls of fog
 n - 5 scrolls of identify
 o - 2 scrolls of fear
Potions
 a - 8 potions of magic
 b - 10 potions of curing
 c - 10 potions of heal wounds
 d - 6 potions of haste
 e - 3 potions of berserk rage
 g - 2 potions of brilliance
 h - 2 potions of invisibility
 i - 4 potions of resistance
 k - 5 potions of might
Miscellaneous
 j - a phantom mirror


   Skills:
 + Level 2.0 Dodging
 - Level 2.6 Stealth
 - Level 4.3 Spellcasting
 - Level 1.0 Transmutations
 - Level 13.9 Earth Magic


You had 9 spell levels left.
You knew the following spells:

 Your Spells              Type           Power      Damage    Failure   Level
a - Sandblast             Erth           100%       2d20      1%          1
b - Stone Arrow           Conj/Erth      92%        3d12      1%          3

Your spell library contained the following spells:

 Spells                   Type           Power      Damage    Failure   Level
 Passwall                 Tmut/Erth      40%        N/A       1%          2
 Petrify                  Tmut/Erth      49%        N/A       3%          4


Dungeon Overview and Level Annotations

Branches:
Dungeon (1/1) Zot: 27000

Altars:
Ashenzari
Cheibriados
Dithmenos
Elyvilon
Fedhas
Gozag
Hepliaklqana
Kikubaaqudgha
Makhleb
Nemelex Xobeh
Okawaru
Qazlal
Ru
Sif Muna
Trog
Uskayaw
Vehumet
Wu Jian
Xom
Yredelemnul
Zin
The Shining One
Jiyva
Lugonu

Annotations:
D 1 transporter


Innate Abilities, Weirdness & Mutations

You cannot wear most types of armour.
You are amphibious.
You can wear up to eight rings at the same time.
Your skin changes colour to match your surroundings (Stealth+).
Your rubbery body absorbs attacks. (AC +1, EV +1)
((You are camouflaged when in or above water. (Stealth+)))
You have tentacles for arms and can constrict up to eight enemies at once.


Message History

Casting: Sandblast (safe; 1% risk of failure)
Confirm with . or Enter, or press ? or * to list all spells.
Aiming: Sandblast (safe; 1% risk of failure)
Press: ? - help, Shift-Dir - straight line, f - shadow imp
Aim: a shadow imp (84% to hit)
The blast of sand hits the shadow imp!!
You kill the shadow imp!
You start resting.
Magic restored.
I - the amulet of the Air {Inacc Air Fly rElec RMsl} You start putting on your amulet.
You continue putting on the amulet of the Air {Inacc Air Fly rElec RMsl}. x5
You finish putting on the amulet of the Air {Inacc Air Fly rElec RMsl}.
You feel rather light.
I - the amulet of the Air (around mantle) {Inacc Air Fly rElec RMsl}
Casting: Sandblast (safe; 1% risk of failure)
Confirm with . or Enter, or press ? or * to list all spells.
Okay, then.
Memorise Stone Arrow, consuming 3 spell levels and leaving 9?
You start memorising the spell.
You continue memorising. x3
You finish memorising.
Spell assigned to 'b'.
There is a transporter here.
Welcome to arena 3.
You enter the transporter and appear at another place. 2 scorpions and 2 tarantellas come into view.
Found four items.
Found a transporter.
Fire: A) +27 heavy crossbow "Sniper" {heavy, Acc+∞ SInv}
Press: ? - help, Q - select action, (/) - cycle Shift-Dir - straight line, f - tarantella
Aim: a tarantella (100% to hit)
You shoot a bolt. The bolt hits the tarantella!!
The tarantella is almost dead.
The tarantella's many legs skitter faintly.
The tarantella closely misses you. The tarantella barely misses you.
The tarantella closely misses you. x2; The tarantella touches you. x2
You are confused.
Unknown command.
You're too confused to cast spells.
You are too confused!
Unknown command.
Are you sure you want to abandon this character and quit the game? (Confirm with "yes".)

▓▓▓▓▓▓▓▓▓▓▓▓▓▓▓▓▓▓▓
▓.8©8.▓.8©8.▓.8©8.▓
▓.:)}.▓.}.).▓.....▓
▓..)..▓.....▓.)...▓
▓.....▓.....▓.....▓
▓.....▓.....▓..)..▓
▓.sss.▓.....▓..©..▓
▓..@s.▓..©..▓▓▓▓▓▓▓
▓▓▓▓▓▓▓▓▓▓▓▓▓


You could see 2 tarantellas and 2 scorpions.

Vanquished Creatures
  An orange demon (D)
  An orc priest (D)
  An orc wizard (D)
  2 shadow imps (D)
5 creatures vanquished.

Notes
Turn   | Place    | Note
-------+----------+-------------------------------------------
     0 | D        | holysushi the Octopode Earth Elementalist began the quest
                  | for the Orb.
     0 | D        | Reached XP level 1. HP: 11/11 MP: 3/3
     0 | D        | Found a shimmering blue altar of Sif Muna.
     0 | D        | Found a sacrificial altar of Ru.
     0 | D        | Found a bloodstained altar of Trog.
     0 | D        | Found a stormy altar of Qazlal.
     0 | D        | Found an iron altar of Okawaru.
     0 | D        | Found a sparkling altar of Nemelex Xobeh.
     0 | D        | Found a blossoming altar of Fedhas.
     0 | D        | Found the +6 Majin-Bo {spellvamp, MP+6 Int+6}
     0 | D        | Found the +27 heavy crossbow "Sniper" {heavy, Acc+∞ SInv}
     0 | D        | Found the +10 dark maul {heavy}
     0 | D        | Found the +15 Maxwell's patent armour {-Cast -Tele rElec
                  | Will+ rCorr}
     0 | D        | Found the +18 shield of the Gong {Loud rN+ Will+ rCorr
                  | EV-5}
     0 | D        | Found the +16 obsidian axe {drain, demonic, Mesm Drain Fly
                  | SInv}
     0 | D        | Found the +7 great mace "Firestarter" {flame, inner flame,
                  | rFlCloud rF++}
     0 | D        | Found the +6 shillelagh "Devastator" {shatter}
     0 | D        | Found the +11 plutonium sword {Contam Stlth-}
     0 | D        | Found the +8 lance "Wyrmbane" {slay drac, rPois rF+ rC+
                  | AC+3}
     0 | D        | Found the +9 sword of Zonguldrok {reap}
     0 | D        | Found the +13 scythe of Curses {drain, curses, Drain}
     0 | D        | Found the +9 sword of Power {lifebolt}
     0 | D        | Found the +7 mace of Variability {chaos, chain chaos}
     0 | D        | Found the +11 Singing Sword {sonic wave}
     0 | D        | Found the +8 storm bow {elec, penet}
     2 | D        | Found a transporter.
     2 | D        | Found an ancient bone altar of Kikubaaqudgha.
     2 | D        | Found a viscous altar of Jiyva.
     2 | D        | Found a corrupted altar of Lugonu.
     2 | D        | Found a hazy altar of Hepliaklqana.
     2 | D        | Found a burning altar of Makhleb.
     2 | D        | Found an opulent altar of Gozag.
    97 | D        | Reached skill level 6 in Earth Magic
    97 | D        | Reached XP level 2. HP: 17/17 MP: 4/7
   145 | D        | Became a worshipper of Ru the Awakened
   557 | D        | Entered arena 2.
   557 | D        | Found a transporter.
   559 | D        | Reached skill level 7 in Earth Magic
   559 | D        | Reached XP level 3. HP: 8/21 MP: 8/8
   560 | D        | Reached skill level 8 in Earth Magic
   560 | D        | Reached XP level 4. HP: 11/27 MP: 10/10
  1426 | D        | Entered arena 3.
  1426 | D        | Found the amulet of the Air {Inacc Air Fly rElec RMsl}
  1426 | D        | Noticed an orange demon
  1426 | D        | Found a transporter.
  1427 | D        | Killed an orange demon
  1428 | D        | Reached skill level 13 in Earth Magic
  1428 | D        | Reached XP level 5. HP: 31/31 MP: 11/11
  1428 | D        | Reached XP level 6. HP: 36/36 MP: 12/12
  1461 | D        | Learned a level 3 spell: Stone Arrow
  1463 | D        | Entered arena 4.
  1463 | D        | Noticed a tarantella
  1463 | D        | Noticed a tarantella
  1463 | D        | Found a transporter.
  1465 | D        | Quit the game

Illustrated notes

Levels and vault maps discovered:
D:        sprint_v [room_start, room_1, room_2, room_3, room_4, room_5, room_6,
          room_7, room_8, room_9, room_10, room_11, room_12, room_13, room_14,
          room_15, room_16, room_17, room_18, room_19, room_20, room_21,
          room_22, room_23, room_24, room_25, room_26, room_27]

Skill      XL: |  1  2  3  4 |
---------------+-------------+-----
Spellcasting   | 4 |  4.3
Earth Magic    | 6 7 8 13 | 13.9
Dodging        | |  2.0
Stealth        | |  2.6
Transmutations | |  1.0

Action                     |  1- 3 |  4- 6 || total
---------------------------+-------+-------++-------
   Fire: Heavy crossbow    |     2 |     2 ||     4
   Cast: Sandblast         |       |     2 ||     2
    Use: Potion            |     1 |       ||     1
 Armour: Skin              |     1 |     1 ||     2
  Dodge: Dodged            |       |     5 ||     5

Table legend: (Time is in decaauts)
 A = Elapsed time spent in this place.
 B = Non-inter-level travel time spent in this place.
 C = Inter-level travel time spent in this place.
 D = Time resting spent in this place.
 E = Time spent auto-exploring this place.
 F = Levels seen in this place.
 G = Mean time per level.
                   A        B        C        D        E       F      G
               +--------+--------+--------+--------+--------+-----+--------+
         Total |   1471 |   1471 |      0 |   1268 |     17 |   1 | 1471.0 |
       Dungeon |   1471 |   1471 |      0 |   1268 |     17 |   1 | 1471.0 |
               +--------+--------+--------+--------+--------+-----+--------+

Top non-repeatable levels by time:
       D: 1471 daAuts
